 Dungeon Crawl Stone Soup version 0.18-a0-1784-ga939a68 (webtiles) character file.

5668 wvc the Grappler (level 10, 0/96 HPs)
             Began as a Troll Monk on Apr 18, 2016.
             Was a Believer of Cheibriados.
             Slain by a wraith (15 damage)
             ... led by Josephine
             ... on level 10 of the Dungeon.
             The game lasted 00:14:57 (6321 turns).

wvc the Grappler (Troll Monk)                       Turns: 6321, Time: 00:14:58

Health: 0/96       AC:  6    Str: 26    XL:     10   Next: 47%
Magic:  12/12      EV: 14    Int: 11    God:    Cheibriados [**....]
Gold:   73         SH:  0    Dex: 20    Spells: 1 memorised, 8 levels left

rFire  + . .     SeeInvis .       - Unarmed
rCold  + . .     Gourm    +     a - +1 robe
rNeg   . . .     Faith    .     (no shield)
rPois  .         Spirit   .     (helmet restricted)
rElec  .         Dismiss  .     (no cloak)
rCorr  .         Reflect  .     (gloves unavailable)
SustAt .         Harm     .     (boots unavailable)
MR     .....                    (no amulet)
Stlth  ++........               m - ring of protection from fire
                                y - ring of protection from cold

@: lethally poisoned (0 -> 0), slowed, very slow, not resistant to hostile
enchantments, unstealthy
A: unfitting armour, claws 3, fast metabolism 3, gourmand, regeneration 2,
shaggy fur 1, tough skin 2
a: Bend Time, Renounce Religion


You were on level 10 of the Dungeon.
You worshipped Cheibriados.
Cheibriados was pleased with you.
You were very full.

You visited 2 branches of the dungeon, and saw 11 of its levels.

You collected 531 gold pieces.
You spent 458 gold pieces at shops.

Inventory:

Hand Weapons
 o - a cursed +0 blowgun
 u - a +0 giant spiked club of draining
Missiles
 i - 8 javelins (quivered)
 n - 38 poisoned needles
Armour
 a - a +1 robe (worn)
Jewellery
 c - a cursed ring of teleportation {unknown}
 d - an uncursed ring of resist corrosion
 m - a ring of protection from fire (right claw)
 y - a ring of protection from cold (left claw)
 G - an uncursed amulet of magic regeneration
Wands
 x - a wand of flame (21/48)
 J - a wand of heal wounds (1/9)
Scrolls
 g - 2 scrolls of remove curse
 h - 2 scrolls of teleportation
 w - 2 scrolls of magic mapping
 z - a scroll of immolation
 A - a scroll of fear
Potions
 e - 2 potions of brilliance
 f - 2 potions of resistance
 j - 2 potions of ambrosia
 l - a potion of curing
 p - 2 potions of haste
 q - a potion of lignification
 t - 2 potions of flight
 B - a potion of might {unknown}
 C - a potion of cancellation {unknown}
 D - a potion of mutation {unknown}
 F - a potion of experience {unknown}
 I - 2 potions of heal wounds
Books
 b - a book of Changes

   Spells                             Type                      Level
   a - Beastly Appendage              Transmutation                1
   b - Sticks to Snakes               Transmutation                2
   c - Spider Form                    Transmutation/Poison         3
   d - Ice Form                       Ice/Transmutation            4
   e - Blade Hands                    Transmutation                5
 r - a Fen Folio

   Spells                             Type                      Level
   a - Corpse Rot                     Necromancy                   2
   b - Stone Arrow                    Conjuration/Earth            3
   c - Leda's Liquefaction            Hexes/Earth                  4
   d - Summon Forest                  Summoning/Translocation      5
   e - Hydra Form                     Transmutation                6
   f - Summon Hydra                   Summoning                    7
Miscellaneous
 v - a plain deck of wonders
Comestibles
 k - 2 meat rations
 s - 4 bread rations
 H - 9 royal jellies


   Skills:
 + Level 5.5 Fighting
 + Level 6.1 Dodging
 - Level 1.1 Stealth
 - Level 12.0 Unarmed Combat
 * Level 2.2 Spellcasting
 * Level 2.9 Transmutations
 + Level 0.1 Evocations


You had 8 spell levels left.
You knew the following spells:

 Your Spells              Type           Power        Failure   Level  Hunger
a - Blade Hands           Trmt           #.........   100%        5    ######.


Dungeon Overview and Level Annotations

Branches:
Dungeon (10/15)            Temple (1/1) D:7             Orc (0/2) D:9
   Lair: D:8-11

Altars:
Ashenzari
Cheibriados
Dithmenos
Fedhas
Gozag
Kikubaaqudgha
Nemelex Xobeh
Okawaru
Pakellas
Trog
Vehumet
Xom
Yredelemnul

Shops:
D:6 ?   D:7 ::%*=   D:8 !   D:10 (


Innate Abilities, Weirdness & Mutations

You are too large for most types of armour.
You have claws for hands.
Your metabolism is lightning-fast.
You like to eat raw meat.
You heal very quickly.
You are covered in fur (AC +1).
You have very tough skin (AC +2).


Message History

You closely miss the wraith.
The wraith is severely damaged.
You feel sick. The wraith barely misses you. The wraith hits you!
* * * LOW HITPOINT WARNING * * *
The wraith drains your vigour!
You feel as though you will be slow longer.
You completely miss the wraith.
The wraith is severely damaged.
The wraith hits you but does no damage. The wraith closely misses you. x2
You mangle the wraith!!
You destroy the wraith!
Cheibriados appreciates the change of pace.
You feel sick. The wraith hits you!
* * * LOW HITPOINT WARNING * * *
The wraith drains your vigour!
You feel as though you will be slow longer.
You scratch the wraith but do no damage.
You feel sick. The wraith closely misses you.
You barely miss the wraith.
You feel sick. The wraith hits you!
You die...

..# # ..# #.
...# #..
.....
#$.###+#.....
#$...........
#...)........
#.###+#
#.W@..#
##.#...#
#..#...#
#..#...#
#†.#....$
#..#......
#..#....∩..
#..#.......
#####..#


You could see a wraith.

Vanquished Creatures
  Josephine (D:10)
  A troll (D:10)
  The ghost of barb4r1an the Skirmisher, an amateur MiFi (D:4)
  2 wraiths (D:10)
  A hungry ghost (D:9)
  4 wargs (D:9)
  An orc warrior (D:7)
  2 sky beasts
  A phantom (D:5)
  2 ice beasts
  9 ogres
  3 centaurs
  A big kobold (D:9)
  Blork the orc (D:5)
  A giant frog (D:6)
  5 scorpions
  3 wights (D:6)
  4 howler monkeys
  5 crimson imps
  2 giant frog zombies
  A quasit (D:8)
  6 hounds
  3 jellies (D:9)
  6 orc priests
  A centaur skeleton (D:5)
  A giant frog skeleton (D:6)
  2 iguanas
  Ijyb (D:3)
  6 orc wizards
  3 hound zombies
  2 worker ant zombies (D:6)
  A howler monkey zombie (D:5)
  A howler monkey skeleton (D:4)
  5 gnolls
  6 adders
  3 shadow imps
  5 oozes (D:9)
  2 adder zombies
  2 adder skeletons
  4 worms
  3 dart slugs
  3 giant geckos
  26 orcs
  12 giant cockroaches
  2 goblins
  10 hobgoblins
  6 jackals
  4 quokkas
  2 ball pythons
  10 bats
  6 giant newts
  10 kobolds
  4 rats
  A fungus (D:5)
210 creatures vanquished.

Vanquished Creatures (others)
  A worker ant (D:4)
  3 adders (D:4)
  A worm (D:4)
  3 quokkas (D:4)
  A ball python (D:4)
9 creatures vanquished.

Grand Total: 219 creatures vanquished

Notes
Turn   | Place    | Note
--------------------------------------------------------------
     0 | D:1      | wvc the Troll Monk began the quest for the Orb.
     0 | D:1      | Reached XP level 1. HP: 22/22 MP: 0/0
   628 | D:1      | Reached XP level 2. HP: 29/29 MP: 1/1
   695 | D:1      | Reached skill level 5 in Unarmed Combat
   743 | D:1      | Reached XP level 3. HP: 36/36 MP: 2/2
  1069 | D:2      | Reached XP level 4. HP: 40/44 MP: 3/3
  1420 | D:3      | Reached skill level 6 in Unarmed Combat
  1517 | D:3      | Found an opulent altar of Gozag.
  1583 | D:3      | Noticed Ijyb
  1592 | D:3      | Killed Ijyb
  1593 | D:3      | Reached XP level 5. HP: 50/50 MP: 4/4
  1686 | D:3      | Found a faded altar to an unknown god.
  1696 | D:3      | Became a worshipper of Vehumet
  1696 | D:3      | Reached * piety under Vehumet
  1696 | D:3      | Offered knowledge of Sandblast by Vehumet.
  1696 | D:3      | Reached ** piety under Vehumet
  1696 | D:3      | Fell from the grace of Vehumet
  1772 | D:3      | Found a shadowy altar of Dithmenos.
  1866 | D:4      | Reached skill level 7 in Unarmed Combat
  1956 | D:4      | Noticed barb4r1an's ghost (amateur MiFi)
  1970 | D:4      | Reached XP level 6. HP: 50/59 MP: 5/5
  1976 | D:4      | Killed barb4r1an's ghost
  1976 | D:4      | Reached skill level 8 in Unarmed Combat
  2229 | D:4      | Reached XP level 7. HP: 66/66 MP: 6/6
  2325 | D:4      | Reached skill level 9 in Unarmed Combat
  2364 | D:4      | Found a shimmering altar of Xom.
  2473 | D:5      | Entered Level 5 of the Dungeon
  2545 | D:5      | Found a sparkling altar of Nemelex Xobeh.
  2721 | D:5      | Noticed Blork the orc
  2733 | D:5      | Killed Blork the orc
  2807 | D:5      | Reached skill level 10 in Unarmed Combat
  2807 | D:5      | Reached XP level 8. HP: 43/74 MP: 7/7
  3215 | D:6      | Reached skill level 11 in Unarmed Combat
  3389 | D:6      | Found Wadadd's Magic Scroll Shop.
  3394 | D:6      | Bought a scroll of identify for 26 gold pieces
  3394 | D:6      | Bought a scroll of teleportation for 39 gold pieces
  3394 | D:6      | Bought a scroll of identify for 26 gold pieces
  3394 | D:6      | Bought a scroll of magic mapping for 45 gold pieces
  3469 | D:6      | HP: 2/74 [gnoll/halberd (10)]
  3660 | D:6      | Found a bloodstained altar of Trog.
  3661 | D:6      | Found an ancient bone altar of Kikubaaqudgha.
  3732 | D:6      | Reached skill level 12 in Unarmed Combat
  3805 | D:6      | Reached XP level 9. HP: 74/80 MP: 8/8
  3832 | D:6      | Found a shattered altar of Ashenzari.
  4030 | D:7      | Found Loamung's Food Boutique.
  4031 | D:7      | Found Feogohim's Book Boutique.
  4166 | D:7      | Found a staircase to the Ecumenical Temple.
  4176 | D:7      | Found Vaumn's Book Shop.
  4200 | Temple   | Entered the Ecumenical Temple
  4274 | Temple   | Became a worshipper of Cheibriados the Contemplative
  4350 | D:7      | Bought a book of Changes for 275 gold pieces
  4356 | D:7      | Learned a level 5 spell: Blade Hands
  4872 | D:7      | Found Gulalu's Assorted Antiques.
  4884 | D:7      | Found Fenied's Jewellery Shop.
  5033 | D:7      | Bought a scroll labeled RIYGUR YCUIPTY for 25 gold pieces
  5033 | D:7      | Bought a white potion for 22 gold pieces
  5241 | D:8      | Reached skill level 1 in Transmutations
  5317 | D:8      | Reached skill level 1 in Spellcasting
  5319 | D:8      | Reached * piety under Cheibriados
  5493 | D:8      | Found Zuxeanash's Distillery.
  5929 | D:9      | Reached skill level 5 in Dodging
  5939 | D:9      | Reached ** piety under Cheibriados
  5955 | D:9      | Reached XP level 10. HP: 50/94 MP: 11/11
  6083 | D:9      | Reached skill level 5 in Fighting
  6158 | D:9      | Found a staircase to the Orcish Mines.
  6195 | D:10     | Entered Level 10 of the Dungeon
  6299 | D:10     | Found Egod's Antique Weapon Boutique.
  6299 | D:10     | Noticed Josephine
  6307 | D:10     | Killed Josephine
  6321 | D:10     | Slain by a wraith

Vault maps used:
D:1:      wheals_arrival_shading, hangedman_decor_clover_reticule
D:2:      kennysheep_generic_room_3
D:3:      grunt_gozag_breadcrumbs, grunt_dithmenos_smoke_and_mirrors,
          ecumenical_altar_1, uniq_iyjb
D:4:      xom_confusion_cloud, first_bread
D:5:      nemelex_deck, minmay_gold_behind_fungi, uniq_blork_the_orc
D:6:      kennysheep_little_box, gammafunk_temple_overflow_statue, serial_shops,
          shop
D:7:      minmay_temple_entry_large_hall, serial_shops, kennysheep_mini,
          nicolae_shop_trees, nicolae_shop_waterfront, shop, shop
D:8:      serial_shops, nicolae_shop_competitors_out_of_business
D:9:      lemuel_round_altar, minmay_orc_entry_guard_dogs, basic_altar,
          hangedman_little_slice_of_home, lightli_orcish_oven
D:10:     minmay_lair_entry_lava, serial_shops, shop, enter_bailey_2,
          uniq_fannar, uniq_josephine
Temple:   dpeg_five_rooms_temple_12

Skill      XL: |  1  2  3  4  5  6  7  8  9 10 |
---------------+-------------------------------+-----
Unarmed Combat | 5 6 7 8 10 12 | 12.0
Dodging        | 5 6 |  6.1
Fighting       | 4 5 |  5.5
Transmutations | 2 |  2.9
Spellcasting   | 1 2 |  2.2
Stealth        | |  1.1
Evocations     | |  0.1

Action                   |  1- 3 |  4- 6 |  7- 9 | 10-12 || total
-------------------------+-------+-------+-------+-------++-------
Melee: Unarmed           |    74 |   116 |   345 |    55 ||   590
       Punch             |     3 |     4 |    19 |     3 ||    29
Invok: Renounce Religion |       |     1 |       |       ||     1
Evoke: Wand              |       |       |     3 |     4 ||     7
  Use: Scroll            |       |       |    23 |     1 ||    24
       Potion            |       |       |     1 |       ||     1
 Stab: Sleeping          |       |     2 |     5 |     3 ||    10
  Eat: Bread ration      |     2 |       |       |       ||     2
       Chunk             |     6 |    10 |    32 |     4 ||    52
       Royal jelly       |       |       |       |     2 ||     2
Armor: Robe              |    22 |    35 |    80 |    17 ||   154
Dodge: Dodged            |    43 |    53 |   189 |    46 ||   331
